 Dungeon Crawl Stone Soup version 0.31-a0-1068-g5939ac1fb6 (webtiles) character file.

Game seed: 17463600610865579097

58 Gynju the Shooter (level 3, 0/21 HPs)
             Began as a Deep Elf Hunter on Nov 23, 2023.
             Slain by a sleepcap (4 damage)
             ... on level 2 of the Dungeon.
             The game lasted 00:02:20 (1735 turns).

Gynju the Shooter (Deep Elf Hunter)                 Turns: 1735, Time: 00:02:21

Health: 0/21       AC:  5    Str:  8    XL:     3   Next: 76%
Magic:  5/5        EV: 13    Int: 13    God:
Gold:   77         SH:  0    Dex: 20    Spells: 2/2 levels left

rFire   . . .        a - +0 shortbow
rCold   . . .        (shield currently unavailable)
rNeg    . . .        c - +0 leather armour
rPois   .            (no helmet)
rElec   .            (no cloak)
rCorr   .            k - +0 pair of gloves
SInv    .            l - +0 pair of boots
Will    .....        (no amulet)
Stlth   ++           (no ring)
HPRegen 0.23/turn    (no ring)
MPRegen 0.09/turn

%: no passive effects
@: no status effects
A: no striking features
a: no special abilities


You were on level 2 of the Dungeon.
You visited 1 branch of the dungeon, and saw 3 of its levels.

You collected 77 gold pieces.

Inventory:

Hand Weapons
 a - a +0 shortbow (weapon)
 b - a +1 antimagic dagger
Armour
 c - a +0 leather armour (worn)
 k - a +0 pair of gloves (worn)
 l - a +0 pair of boots (worn)
Scrolls
 d - a scroll of poison {unknown}
 f - a scroll of teleportation {unknown}
 g - a scroll of immolation {unknown}
 h - a scroll of butterflies
 i - 2 scrolls of identify {unknown}
 m - a scroll of enchant armour {unknown}
 n - a scroll of fog {unknown}
Potions
 e - 2 potions of heal wounds {unknown}
 j - a potion of enlightenment {unknown}


   Skills:
 + Level 2.1 Fighting
 * Level 6.3 Ranged Weapons
 + Level 3.2 Dodging
 - Level 1.2 Stealth


You had 2 spell levels left.
You didn't know any spells.
Your spell library was empty.

Dungeon Overview and Level Annotations

Branches:
Dungeon (3/15)

Altars:

Shops:
D:1 [


Message History

You climb upwards.
There is a stone staircase leading down here.
You shoot an arrow. The arrow hits the quokka!
You kill the quokka!
You shoot an arrow.
You start resting.
HP restored.
You climb downwards.
The sleepcap barely misses you. x2
There is a stone staircase leading up here.
You shoot an arrow. The arrow hits the sleepcap.
The sleepcap is lightly damaged.
The sleepcap closely misses you.
You shoot an arrow.
The arrow hits the sleepcap but does no damage.
The sleepcap is lightly damaged.
The sleepcap releases spores at you!
You are engulfed in a cloud of soporific spores!
You fall asleep.
The sleepcap releases spores at you.
You wake up.
You shoot an arrow. The arrow hits the sleepcap.
The sleepcap is lightly damaged.
The sleepcap barely misses you.
You shoot an arrow.
The arrow hits the sleepcap but does no damage.
The sleepcap is lightly damaged.
The sleepcap releases spores at you.
You are engulfed in a cloud of soporific spores!
You are unaffected.
You shoot an arrow. The arrow hits the sleepcap.
The sleepcap is moderately damaged.
The sleepcap releases spores at you.
* * * LOW HITPOINT WARNING * * *
You shoot an arrow. The arrow hits the sleepcap!
The sleepcap is heavily damaged.
The sleepcap releases spores at you.
* * * LOW HITPOINT WARNING * * *
You shoot an arrow. The arrow hits the sleepcap.
The sleepcap is heavily damaged.
The sleepcap misses you. The sleepcap releases spores at you.
You die...

....#.......##.....# #...#
##..#.......##..##.########...###
##..#......#.#..##.##............
....#.....###....................
.##.#......#.#.#.#.##............
....#.......##.#.#>########(..###
.####.......##.....# ##...### .#
############f### #......# .#
#.......# #@# #....#.#
.#####.......# #.# #....#.#
.............# #.# #....#.#
######.......# #.###### #....#.#
#.......###......####......#
#...........####.##.....#...
#.......###.####.##.###...##
######### #.#.......# #.###
#.#.##.#### #.#


You could see a sleepcap.

Vanquished Creatures
  2 adders (D:2)
  A worm (D:2)
  2 dart slugs
  A bat (D:1)
  An endoplasm (D:1)
  5 goblins
  2 hobgoblins
  4 jackals (D:1)
  4 quokkas
  3 ball pythons (D:1)
  2 frilled lizards (D:1)
  2 rats (D:1)
29 creatures vanquished.

Notes
Turn   | Place    | Note
-------+----------+-------------------------------------------
     0 | D:1      | Gynju the Deep Elf Hunter began the quest for the Orb.
     0 | D:1      | Reached XP level 1. HP: 12/12 MP: 3/3
   150 | D:1      | Found Biuf's Antique Armour Emporium.
   410 | D:1      | Reached XP level 2. HP: 17/17 MP: 4/4
  1197 | D:2      | Reached skill level 6 in Ranged Weapons
  1257 | D:2      | Reached XP level 3. HP: 21/21 MP: 5/5
  1735 | D:2      | Slain by a sleepcap

Illustrated notes

Levels and vault maps discovered:
D:1:      onia_arrival_mini_maze_b, layout_loops_corners, serial_shops, shop,
          st_stairs_4, nrook_mini_backslash
D:2:      layout_loops_cross, kennysheep_generic_room_15
D:3:      layout_loops_cross, serial_shops, shop, uniq_ijyb

Skill      XL: |  1  2 |
---------------+-------+-----
Ranged Weapons | 6 |  6.3
Dodging        | 3 |  3.2
Fighting       | 2 |  2.1
Stealth        | |  1.2

Action                     || total
---------------------------++-------
   Fire: Shortbow          ||    82
 Armour: Leather armour    ||    25
  Dodge: Dodged            ||    36

Table legend: (Time is in decaauts)
 A = Elapsed time spent in this place.
 B = Non-inter-level travel time spent in this place.
 C = Inter-level travel time spent in this place.
 D = Time resting spent in this place.
 E = Time spent auto-exploring this place.
 F = Levels seen in this place.
 G = Mean time per level.
                   A        B        C        D        E       F      G
               +--------+--------+--------+--------+--------+-----+--------+
         Total |   1746 |   1705 |     41 |     65 |   1452 |   3 |  582.0 |
       Dungeon |   1746 |   1705 |     41 |     65 |   1452 |   3 |  582.0 |
               +--------+--------+--------+--------+--------+-----+--------+

Top non-repeatable levels by time:
     D:1: 1123 daAuts
     D:2: 616 daAuts
     D:3: 7 daAuts
